 Dungeon Crawl Stone Soup version 0.31-a0-521-gc7390f8997 (webtiles) character file.

Game seed: 14306331796758669713

514 javelincjr the Sneak (level 7, -4/41 HPs)
             Began as an Octopode Hedge Wizard on Aug 10, 2023.
             Slain by an orc warrior
             ... wielding a +0 war axe
              (9 damage)
             ... on level 5 of the Dungeon.
             The game lasted 00:14:36 (4396 turns).

javelincjr the Sneak (Octopode Hedge Wizard)        Turns: 4396, Time: 00:14:40

Health: -4/41      AC:  1    Str:  8 (9)  XL:     7   Next: 20%
Magic:  10/13      EV: 13    Int: 15 (18) God:
Gold:   213        SH:  0    Dex:  9 (12) Spells: 9/14 levels left

rFire   . . .        q - +3 spear (spect)
rCold   . . .        (no shield)
rNeg    . . .        b - +0 hat
rPois   .            (no amulet)
rElec   .            (no ring)
rCorr   .            (no ring)
SInv    .            (no ring)
Will    .....        (no ring)
Stlth   ++++         (no ring)
HPRegen 0.26/turn    (no ring)
MPRegen 0.13/turn    (no ring)
                     (no ring)

%: no passive effects
@: about to teleport
A: almost no armour, amphibious, 8 rings, camouflage 1, gelatinous body 1,
(nimble swimmer 1), tentacles
a: no special abilities


You were on level 5 of the Dungeon.
You visited 1 branch of the dungeon, and saw 6 of its levels.

You collected 213 gold pieces.

Inventory:

Hand Weapons
 a - a +0 dagger
 q - a +3 spectral spear (weapon)
 s - a +2 dagger of electrocution
 w - a +1 dagger of venom
Missiles
 d - 3 curare-tipped darts
 k - 2 datura-tipped darts
 p - 4 poisoned darts
Armour
 b - a +0 hat (worn)
Jewellery
 n - an amulet of faith
Talismans
 i - a flux talisman
Wands
 r - a wand of paralysis (9)
Scrolls
 f - a scroll of brand weapon
 h - 2 scrolls of teleportation
 t - 2 scrolls of revelation
 u - a scroll of fear
 y - a scroll of immolation {unknown}
Potions
 c - a potion of magic
 e - 2 potions of haste
 j - a potion of brilliance
 l - a potion of enlightenment
 z - a potion of heal wounds {unknown}


   Skills:
 + Level 3.6 Dodging
 + Level 4.9 Stealth
 + Level 4.1 Spellcasting
 + Level 2.9 Conjurations
 + Level 3.0 Summonings
 + Level 2.9 Translocations


You had 9 spell levels left.
You knew the following spells:

 Your Spells              Type           Power      Damage    Failure   Level
a - Magic Dart            Conj           44%        1d5       5%          1
b - Call Imp              Summ           24%        N/A       8%          2
c - Blink                 Tloc           22%        N/A       9%          2

Your spell library contained the following spells:

 Spells                   Type           Power      Damage    Failure   Level
 Slow                     Hex            12%        N/A       19%         1
 Cigotuvi's Dreadful Rot  Necr/Pois/Air  6%         N/A       26%         2
 Sublimation of Blood     Necr           3%         N/A       26%         2
 Mephitic Cloud           Conj/Pois/Air  6%         N/A       34%         3
 Ozocubu's Armour         Ice            3%         N/A       47%         3
 Anguish                  Hex/Necr       1%         N/A       87%         4
 Cause Fear               Hex            1%         N/A       87%         4
 Petrify                  Tmut/Erth      3%         N/A       87%         4
 Irradiate                Conj/Tmut      3%         3d12      95%         5
 Enfeeble                 Hex            1%         N/A       100%        7
 Ozocubu's Refrigeration  Ice            1%         4d7       100%        7


Dungeon Overview and Level Annotations

Branches:
Dungeon (6/15)
 Temple: D:4-7

Altars:
Cheibriados
Zin

Shops:
D:1 *


Innate Abilities, Weirdness & Mutations

You cannot wear most types of armour.
You are amphibious.
You can wear up to eight rings at the same time.
Your skin changes colour to match your surroundings (Stealth+).
Your rubbery body absorbs attacks. (AC +1, EV +1)
((You are camouflaged when in or above water. (Stealth+)))
You have tentacles for arms and can constrict up to eight enemies at once.


Message History

The orc wizard barely misses you.
Casting: Magic Dart (safe; 5% risk of failure)
Confirm with . or Enter, or press ? or * to list all spells.
You blink.
You lose your grip on the orc warrior.
A white imp comes into view.
Your +3 spectral spear disappears.
You feel stable enough to blink again. 2 orcs come into view.
Found 7 gold pieces.
The helpless white imp fails to defend itself.
You hit the white imp. Your grab misses the white imp.
The white imp is heavily wounded.
Your +3 spectral spear hits the white imp.
The white imp shouts, "Run away, thou bumbling sow-suckled malt-worm!"
The white imp misses you.
You hit the white imp but do no damage. You grab the white imp.
The white imp is severely wounded.
Your +3 spectral spear hits the white imp.
You constrict the white imp, but do no damage.
The white imp hits you.
* * * LOW HITPOINT WARNING * * *
The white imp freezes you.
* * * LOW HITPOINT WARNING * * *
You hit the white imp.
The white imp is almost dead.
Your +3 spectral spear hits the white imp.
You kill the white imp!
As you read the scroll of teleportation, it crumbles to dust.
You feel strangely unstable.
Your +3 spectral spear disappears.
The orc wizard mumbles some strange words.
The orc wizard flickers and vanishes!
Deactivating autopickup; reactivate with Ctrl-A.
You barely miss the orc warrior. Your grab misses the orc warrior.
The orc warrior is moderately wounded.
Your +3 spectral spear hits the orc warrior but does no damage.
A magic dart appears from out of thin air!
The magic dart hits your +3 spectral spear.
The orc warrior hits you with a +0 war axe!
You die...

......###>.#####.....#
.......##..# ....#$
...........# ......
..$........## ......
............## .....o
.........####o.....
.............#
...........(.#
#..#..##...o@# #. #..
#...### # #.......#
...#...## #.. #####


You could see an orc warrior, an orc and a friendly +3 spectral spear.

Vanquished Creatures
  A water moccasin (D:5)
  A scorpion (D:5)
  A howler monkey (D:4)
  2 orc priests
  Ijyb (D:3)
  An iguana (D:4)
  A sleepcap (D:4)
  5 adders
  A white imp (D:5)
  3 dart slugs
  16 orcs
  11 endoplasms
  8 giant cockroaches
  5 hobgoblins
  2 jackals (D:3)
  3 quokkas
  3 ball pythons
  5 bats
  5 frilled lizards
  2 goblins
  7 kobolds
  6 rats
90 creatures vanquished.

Vanquished Creatures (collateral kills)
  An adder (D:2)
  An endoplasm (D:4)
  3 kobolds (D:2)
5 creatures vanquished.

Grand Total: 95 creatures vanquished

Notes
Turn   | Place    | Note
-------+----------+-------------------------------------------
     0 | D:1      | javelincjr the Octopode Hedge Wizard began the quest for
                  | the Orb.
     0 | D:1      | Reached XP level 1. HP: 11/11 MP: 4/4
   160 | D:1      | Reached XP level 2. HP: 10/17 MP: 0/6
   409 | D:1      | Found Nyhiukh's Assorted Antiques.
   417 | D:1      | Learned a level 2 spell: Call Imp
   420 | D:1      | Learned a level 2 spell: Blink
   886 | D:1      | Reached XP level 3. HP: 20/21 MP: 7/7
  1454 | D:2      | Reached XP level 4. HP: 27/27 MP: 8/8
  1523 | D:2      | Found a faded altar of an unknown god.
  2088 | D:3      | Found a snail-covered altar of Cheibriados.
  2307 | D:3      | Noticed Ijyb
  2321 | D:3      | Paralysed by Ijyb for 2 turns
  2330 | D:3      | Killed Ijyb
  2547 | D:3      | Found a glowing silver altar of Zin.
  2616 | D:3      | Reached XP level 5. HP: 17/31 MP: 10/10
  3436 | D:4      | Reached XP level 6. HP: 36/36 MP: 5/11
  3885 | D:5      | Entered Level 5 of the Dungeon
  4248 | D:5      | Noticed a water moccasin
  4261 | D:5      | Killed a water moccasin
  4262 | D:5      | Reached XP level 7. HP: 19/41 MP: 7/13
  4396 | D:5      | Slain by an orc warrior

Illustrated notes

Levels and vault maps discovered:
D:1:      onia_arrival_handbag, layout_basic, serial_shops, shop,
          wad_floor_pattern_2, minmay_worlds_worst_comb
D:2:      minmay_evil_eye, layout_loops_ring, basic_ecumenical_altar,
          kennysheep_generic_room_9
D:3:      layout_loops_cross, cheibriados_altar_1, lemuel_round_altar, uniq_ijyb
D:4:      layout_loops_ring
D:5:      layout_cave_pools, nicolae_overflow_crystal_walls,
          hangedman_decor_points
D:6:      layout_layer_cave, general_overflow_altar, minitemple,
          minmay_temple_entry_crystal_x

Skill      XL: |  1  2  3  4  5  6  7 |
---------------+----------------------+-----
Stealth        | 3 4 |  4.9
Conjurations   | 2 |  2.9
Summonings     | 2 3 |  3.0
Translocations | 2 |  2.9
Dodging        | 3 |  3.6
Spellcasting   | 4 |  4.1

Action                     |  1- 3 |  4- 6 |  7- 9 || total
---------------------------+-------+-------+-------++-------
  Melee: Dagger            |    66 |    20 |       ||    86
         Tentacles         |     7 |    23 |       ||    30
         Constrict         |    12 |    25 |     2 ||    39
         Spear             |       |   105 |    10 ||   115
         Punch             |       |     1 |       ||     1
   Cast: Magic Dart        |    25 |    33 |     4 ||    62
         Call Imp          |     3 |    14 |     2 ||    19
         Blink             |       |     2 |     1 ||     3
    Use: Scroll            |       |    10 |     1 ||    11
         Potion            |       |     3 |       ||     3
   Stab: Sleeping          |    15 |    13 |     1 ||    29
         Distracted        |       |     2 |       ||     2
 Armour: Skin              |     4 |     6 |       ||    10
  Dodge: Dodged            |    35 |    55 |     4 ||    94

Table legend: (Time is in decaauts)
 A = Elapsed time spent in this place.
 B = Non-inter-level travel time spent in this place.
 C = Inter-level travel time spent in this place.
 D = Time resting spent in this place.
 E = Time spent auto-exploring this place.
 F = Levels seen in this place.
 G = Mean time per level.
                   A        B        C        D        E       F      G
               +--------+--------+--------+--------+--------+-----+--------+
         Total |   4416 |   4334 |     82 |    527 |   3075 |   6 |  736.0 |
       Dungeon |   4416 |   4334 |     82 |    527 |   3075 |   6 |  736.0 |
               +--------+--------+--------+--------+--------+-----+--------+

Top non-repeatable levels by time:
     D:1: 1133 daAuts
     D:4: 1127 daAuts
     D:2: 833 daAuts
     D:3: 797 daAuts
     D:5: 291 daAuts
     D:6: 233 daAuts
